Map: At Eternity's Edge LE

Players

Khamsin - Winner!

  • Race: Protoss Protoss

I.A. 1 (Difficilissima)

  • Race: Terran Terran

VOD

Have the link to the VOD?

Description

Time

  • Played on: Sept. 19, 2026, 12:48 p.m.
  • Length: 14:29
Show
View Real Time Build Order
Export as new Build Order

Khamsin Protoss - Winner!

Build Orders: Chargelot Immortal 

Get SALT Encoding   

  8  0:01  Probe (Chrono Boost)  
  9  0:13  Probe (Chrono Boost)  
  10  0:18  Probe (Chrono Boost)  
  11  0:29  Probe  
  12  0:41  Probe  
  13  0:51  Pylon  
  13  1:09  Probe (Chrono Boost)  
  14  1:21  Probe (Chrono Boost), Gateway  
  15  1:26  Probe (Chrono Boost)  
  15  1:31  Assimilator  
  16  1:35  Probe  
  17  1:47  Probe  
  18  1:59  Probe  
  19  2:08  Nexus  
  19  2:11  Pylon  
  19  2:18  Probe  
  20  2:30  Probe  
  20  2:36  Cybernetics Core  
  21  2:42  Probe (Chrono Boost)  
  22  2:54  Probe (Chrono Boost)  
  23  3:01  Probe (Chrono Boost)  
  24  3:08  Probe  
  25  3:18  Stalker  
  27  3:20  Probe  
  27  3:23  Gateway x2  
  28  3:32  Shield Battery  
  28  3:35  Probe (Chrono Boost)  
  28  3:41  Warp Gate  
  29  3:45  Stalker  
  29  3:46  Probe (Chrono Boost)  
  32  3:51  Probe (Chrono Boost), Pylon  
  32  3:53  Pylon  
  33  4:01  Twilight Council  
  33  4:02  Probe  
  34  4:13  Zealot x3  
  40  4:17  Probe  
  41  4:27  Robotics Facility  
  42  4:31  Assimilator  
  42  4:32  Probe (Chrono Boost)  
  42  4:34  Probe (Chrono Boost)  
  43  4:44  Probe (Chrono Boost)  
  45  4:45  Probe (Chrono Boost)  
  45  4:49  Probe (Chrono Boost), Charge (Chrono Boost)  
  46  4:53  Probe  
  46  4:54  Zealot  
  46  4:55  Zealot x2  
  53  5:06  Probe  
  54  5:15  Assimilator  
  54  5:16  Pylon  
  54  5:18  Probe  
  54  5:19  Pylon  
  57  5:30  Probe  
  57  5:35  Zealot  
  58  5:42  Probe  
  63  5:43  Immortal  
  63  5:54  Probe  
  64  6:01  Robotics Bay  
  64  6:10  Stalker, Zealot  
  68  6:22  Immortal  
  68  6:23  Assimilator  
  72  6:29  Stalker  
  74  6:37  Pylon  
  74  6:38  Pylon  
  74  6:41  Pylon  
  74  6:55  Probe, Extended Thermal Lance  
  74  7:00  Colossus  
  81  7:03  Zealot x2  
  81  7:04  Stalker  
  81  7:07  Probe  
  88  7:13  Gateway  
  88  7:15  Gateway  
  88  7:17  Gateway  
  88  7:21  Robotics Facility  
  88  7:27  Stalker x2  
  88  7:28  Zealot  
  94  7:42  Probe  
  95  7:49  Nexus  
  95  7:56  Stalker  
  95  7:57  Pylon  
  97  7:59  Pylon  
  97  8:01  Pylon  
  97  8:15  Immortal  
  75  8:34  Stalker x3  
  77  8:50  Colossus  
  77  8:53  Colossus  
  77  8:55  Stalker  
  91  8:58  Zealot x2  
  91  8:59  Zealot x3  
  101  9:19  Probe (Chrono Boost)  
  102  9:29  Probe (Chrono Boost)  
  103  9:32  Pylon  
  103  9:33  Probe (Chrono Boost)  
  103  9:34  Pylon  
  103  9:38  Stalker x2  
  106  9:39  Stalker  
  106  9:44  Zealot, Immortal  
  106  9:45  Probe  
  117  9:48  Immortal  
  117  9:51  Nexus  
  121  9:57  Probe  
  122  10:05  Gateway x2  
  122  10:09  Probe  
  122  10:10  Gateway  
  123  10:21  Probe (Chrono Boost)  
  123  10:23  Stalker x2, Zealot  
  123  10:24  Zealot x2  
  123  10:25  Zealot  
  136  10:33  Probe (Chrono Boost)  
  137  10:42  Probe (Chrono Boost)  
  138  10:47  Forge  
  138  10:48  Probe, Forge  
  139  10:59  Stalker x2  
  139  11:00  Zealot x2, Probe  
  139  11:01  Zealot  
  150  11:11  Pylon  
  150  11:13  Pylon  
  150  11:15  Pylon  
  150  11:17  Colossus  
  156  11:30  Assimilator  
  156  11:32  Assimilator  
  112  11:56  Stalker  
  112  11:57  Stalker x2, Zealot  
  112  11:58  Zealot  
  112  11:59  Zealot  
  88  12:14  Immortal x2  
  90  12:24  Stalker x2  
  90  12:25  Stalker, Zealot  
  90  12:26  Zealot  
  98  12:30  Probe  
  99  12:42  Probe  
  100  12:52  Colossus x2  
  100  12:53  Stalker  
  100  12:54  Stalker x2, Probe  
  100  12:55  Stalker, Zealot  
  100  12:56  Zealot x3  
  100  12:57  Zealot  
  109  13:37  Stalker x3  
  109  13:38  Zealot x2  
  119  13:46  Immortal  
  127  14:04  Nexus  
Show
View Real Time Build Order
Export as new Build Order

I.A. 1 (Difficilissima) Terran 

Build Orders:  

Get SALT Encoding   

  8  0:00  SCV  
  9  0:13  SCV  
  10  0:25  SCV  
  11  0:37  SCV  
  12  0:46  Supply Depot  
  12  0:49  SCV  
  13  1:07  SCV  
  13  1:10  Barracks  
  14  1:20  SCV  
  15  1:32  SCV  
  16  1:44  SCV  
  17  1:53  Supply Depot  
  17  1:56  SCV  
  17  1:58  Marine  
  17  2:00  Refinery  
  19  2:08  SCV  
  20  2:16  Marine  
  20  2:19  Barracks  
  20  2:20  SCV  
  22  2:29  Refinery  
  22  2:32  SCV  
  22  2:33  Marine  
  24  2:44  SCV  
  24  2:47  Supply Depot  
  25  2:51  Marine  
  25  2:56  SCV  
  27  3:08  SCV  
  27  3:09  Marine, Factory  
  29  3:16  Marine  
  30  3:20  SCV  
  31  3:27  Marine  
  31  3:33  SCV  
  33  3:34  Marine  
  34  3:45  Marine, SCV  
  36  3:51  Barracks  
  36  3:57  SCV  
  36  4:00  Supply Depot  
  37  4:05  Barracks Tech Lab  
  37  4:08  Barracks Tech Lab  
  37  4:11  Factory Tech Lab  
  37  4:22  SCV  
  38  4:26  Marine  
  38  4:29  Marine  
  40  4:34  SCV  
  40  4:35  Stimpack  
  41  4:42  Supply Depot  
  41  4:46  SCV  
  42  4:58  SCV  
  43  5:04  Marine, Marauder  
  43  5:06  Supply Depot  
  46  5:10  SCV  
  47  5:16  Marine  
  47  5:18  Starport  
  48  5:22  Marauder, SCV  
  48  5:25  Marine, Command Center  
  51  5:34  SCV  
  52  5:36  Barracks Reactor  
  52  5:44  Marauder  
  52  5:47  Orbital Command  
  54  5:52  Supply Depot  
  54  5:55  Marauder  
  54  5:56  Medivac  
  58  6:05  Marauder  
  60  6:16  Marauder  
  60  6:17  Supply Depot  
  62  6:27  Marauder  
  64  6:37  Marine, Medivac  
  64  6:38  Marauder, SCV  
  70  6:40  SCV  
  71  6:48  Marauder  
  71  6:49  Marine  
  71  6:50  SCV  
  71  6:53  SCV  
  76  6:56  Combat Shield  
  76  6:58  Concussive Shells  
  76  6:59  Marauder  
  78  7:02  SCV  
  78  7:03  Supply Depot  
  78  7:05  SCV  
  80  7:09  Engineering Bay  
  80  7:10  Marauder  
  80  7:14  SCV  
  83  7:17  SCV  
  83  7:20  Marauder  
  86  7:26  SCV  
  86  7:28  Supply Depot  
  86  7:29  SCV  
  88  7:36  Engineering Bay  
  88  7:37  Terran Infantry Weapons Level 1  
  88  7:38  SCV  
  88  7:41  SCV  
  90  7:45  Missile Turret  
  90  7:50  Missile Turret  
  90  7:55  Orbital Command, Barracks, Starport Reactor  
  90  7:59  Marine  
  90  8:01  Marine  
  90  8:02  Terran Infantry Armor Level 1  
  90  8:05  Marine  
  92  8:07  Supply Depot, Marine  
  91  8:17  Marauder  
  91  8:19  Marauder  
  81  8:23  Marine  
  81  8:25  Marine  
  74  8:31  Medivac, Viking  
  68  8:38  Marine  
  68  8:40  Marauder  
  68  8:41  Marine  
  67  8:42  Marine  
  67  8:43  Marine  
  70  8:49  Refinery  
  70  8:55  Refinery  
  70  8:56  Marine  
  70  8:57  Missile Turret  
  70  8:59  Marine  
  70  9:01  Viking, Marine x2, Medivac  
  70  9:02  Marauder  
  80  9:13  Marine  
  81  9:17  SCV  
  81  9:19  Marine  
  81  9:21  Marine  
  81  9:23  Marine, Marauder  
  87  9:30  Viking  
  89  9:32  Marauder, Viking  
  89  9:36  Marine  
  94  9:40  Marine  
  94  9:41  Supply Depot  
  94  9:45  Marauder  
  96  9:52  Missile Turret  
  96  9:53  Marauder  
  98  10:00  Viking  
  98  10:02  Armory  
  98  10:06  Viking, Marauder  
  104  10:09  Supply Depot  
  104  10:10  Command Center  
  104  10:15  Marauder  
  106  10:27  Marauder  
  108  10:30  Missile Turret  
  107  10:35  Factory  
  107  10:36  Marauder  
  107  10:37  Viking  
  107  10:39  Viking  
  113  10:47  Supply Depot  
  113  10:49  Marauder  
  115  10:50  Terran Infantry Weapons Level 2  
  115  10:51  Terran Ship Weapons Level 1  
  114  10:57  Marauder  
  114  10:59  Armory  
  116  11:09  Starport  
  116  11:10  Marauder  
  118  11:18  Hi-Sec Auto Tracking  
  118  11:19  Marauder  
  118  11:20  Supply Depot  
  118  11:21  Factory Tech Lab  
  118  11:23  Orbital Command, SCV  
  121  11:26  SCV  
  122  11:35  SCV  
  122  11:38  Marauder, SCV  
  125  11:40  Marauder  
  125  11:44  Marine  
  125  11:46  Starport Tech Lab, Marine  
  114  11:47  SCV  
  114  11:49  Marine  
  114  11:50  SCV  
  114  11:51  SCV  
  97  11:59  Marauder, SCV  
  97  12:01  Marine  
  86  12:02  Marine, SCV  
  86  12:04  Marine  
  86  12:06  SCV  
  86  12:07  Marine, Raven  
  86  12:11  SCV  
  86  12:14  SCV  
  76  12:18  SCV  
  76  12:19  Marine x2  
  76  12:20  Marauder  
  76  12:22  Marine  
  81  12:23  SCV  
  81  12:24  Marine  
  74  12:30  SCV  
  74  12:36  SCV  
  74  12:37  Marine x2  
  77  12:40  Marine  
  77  12:42  Marauder, SCV  
  76  12:48  SCV  
  77  12:54  SCV  
  77  12:55  Marine, Marauder  
  77  13:00  SCV  
  77  13:03  Marauder  
  80  13:07  SCV  
  80  13:12  SCV, Viking x2  
  85  13:16  Marauder, Viking  
  85  13:19  SCV  
  90  13:24  Marauder  
  84  13:27  Marine x3  
  84  13:32  SCV  
  75  13:38  Marauder  
  70  13:45  Marine x3  
  70  13:46  Marauder  
  55  13:59  Marine  
  53  14:09  Command Center  
Tags
 
Add a new tag
Caveats
  • Supply blocks, unpowered buildings, or Contaminate may cause inaccurate times.
  • Supply counts are checked every 10 seconds.